 Dungeon Crawl Stone Soup version 0.28-a0-1206-g193881aaa2 (webtiles) character file.

Game seed: 17453632867871613712

97 sanka the Slasher (level 4, 0/37 HPs)
             Began as a Palentonga Abyssal Knight on Dec 20, 2021.
             Was a Believer of Lugonu.
             Slain by an ogre (22 damage)
             ... on level 3 of the Dungeon.
             The game lasted 00:03:24 (2616 turns).

sanka the Slasher (Palentonga Abyssal Knight)       Turns: 2616, Time: 00:03:24

Health: 0/37       AC:  5    Str: 19    XL:     4   Next: 42%
Magic:  5/5        EV:  9    Int: 10    God:    Lugonu [**....]
Gold:   34         SH:  0    Dex: 10    Spells: 3/3 levels left

rFire   + . .      SeeInvis +   a - +1 falchion
rCold   . . .      Faith    .   (no shield)
rNeg    . . .      Spirit   .   b - +0 leather armour
rPois   .          Reflect  .   (no helmet)
rElec   .          Harm     .   (no cloak)
rCorr   .          Rampage  .   l - +0 pair of gloves
Will    .....                   (no barding)
Stlth   +.........              (no amulet)
HPRegen 0.12/turn               (no ring)
MPRegen 0.09/turn               c - ring of protection from fire

@: mighty
A: large, rugged brown scales 3, see invisible, deformed body, roll 1, armoured
tail
a: Rolling Charge, Renounce Religion, Depart the Abyss, Bend Space


You were on level 3 of the Dungeon.
You worshipped Lugonu.
Lugonu was pleased with you.
You visited 1 branch of the dungeon, and saw 3 of its levels.
You visited the Abyss 1 time.

You collected 82 gold pieces.
You spent 48 gold pieces at shops.


Innate Abilities, Weirdness & Mutations

You are completely covered in rugged brown scales. (AC +3, +7% HP)
You have supernaturally acute eyesight. (SInv)
Armour fits poorly on your strangely shaped body.
You can roll at nearby foes to attack.
You have a long armoured tail.


   Skills:
 - Level 3.0 Fighting
 + Level 4.7 Long Blades
 - Level 1.5 Armour
 - Level 0.7 Dodging
 - Level 2.0 Invocations


You had 3 spell levels left.
You didn't know any spells.
Your spell library was empty.

Inventory:

Hand Weapons
 a - a +1 falchion (weapon)
Missiles
 k - a throwing net {=f}
Armour
 b - a +0 leather armour (worn)
 l - a +0 pair of gloves (worn)
Jewellery
 c - a ring of protection from fire (right hand)
Scrolls
 g - a scroll of fog
 h - a scroll of immolation {!r}
 i - a scroll of teleportation {unknown}
Potions
 d - 3 potions of resistance {unknown}
 e - a potion of attraction {unknown}
 f - a potion of brilliance {unknown}
 j - a potion of curing {unknown}

Dungeon Overview and Level Annotations

Branches:
Dungeon (3/15)

Altars:

Shops:
D:3

! ...<........▒
8.▒▒▒▒▒▒▒▒▒.▒ ▒.
..▒ ▒.▒ ▒▒O. ▒▒▒
▒.▒ ... ▒.▒ ..▒
▒.▒▒▒▒▒ .. ▒▒▒
▒.▒..8▒ .▒▒▒...▒
▒.▒..▒▒▒▒▒......▒
▒....°HO........▒
▒...............▒
▒▒▒▒▒▒▒▒▒▒▒▒▒▒▒▒▒


You could see an ogre.


Message History

A goblin comes into view. It is wielding a +0 dagger.
The goblin hits you but does no damage.
You closely miss the goblin. The goblin barely misses you.
You slash the goblin!
You kill the goblin!
Lugonu accepts your kill.
Things that are here:
a +0 dagger; a goblin corpse
Things that are here:
a +0 dagger; a goblin corpse An ogre comes into view.
It is wielding a +0 giant club.
The ogre shouts!
Okay, then.
You aren't carrying any items that you can evoke.
You feel very mighty all of a sudden.
You roll forward with a clatter of scales!
You barely miss the ogre.
You hear an angry hiss.
The ogre barely misses you.
You hit the ogre.
The ogre is moderately wounded.
The ogre hits you with a +0 giant club!
You slash the ogre!
The ogre is heavily wounded.
You slash the ogre!
The ogre is almost dead.
The ogre hits you with a +0 giant club!!
Ouch! That really hurt!
You die...

Action                   |  1- 3 |  4- 6 || total
-------------------------+-------+-------++-------
Melee: Falchion          |    95 |    13 ||   108
       Tailslap          |    10 |     1 ||    11
 Abil: Rolling Charge    |     9 |     5 ||    14
  Use: Scroll            |     2 |       ||     2
       Potion            |       |     1 ||     1
Armor: Leather armour    |    27 |     3 ||    30
Dodge: Dodged            |    47 |     5 ||    52

Levels and vault maps discovered:
D:1:      dpeg_arrival_three_smaller_balls, layout_loops_corners,
          minmay_pentomino_t2
D:2:      layout_rooms
D:3:      mumra_celtic_spiral_tile, layout_rooms,
          mainiacjoe_overflow_concentric_impassable, serial_shops, shop_statue,
          shop_statue, shop, shapermc_ecumenical_altar_mp_vishouse, uniq_ijyb

Notes
Turn   | Place    | Note
-------+----------+-------------------------------------------
     0 | Abyss:1  | sanka the Palentonga Abyssal Knight began the quest for the
                  | Orb.
     0 | Abyss:1  | Reached XP level 1. HP: 19/19 MP: 2/2
    59 | D:1      | Escaped the Abyss
   485 | D:1      | Reached XP level 2. HP: 25/25 MP: 3/3
   602 | D:1      | Reached skill level 3 in Long Blades
  1061 | D:2      | Reached XP level 3. HP: 18/31 MP: 4/4
  1491 | D:2      | Reached ** piety under Lugonu
  1514 | D:1      | Reached skill level 4 in Long Blades
  1813 | D:1      | Reached XP level 4. HP: 6/37 MP: 5/5
  2523 | D:3      | Found Etytrud's Distillery.
  2527 | D:3      | Bought a potion of might for 48 gold pieces
  2604 | D:3      | Noticed an ogre
  2616 | D:3      | Slain by an ogre

Vanquished Creatures
  4 gnolls
  2 adders
  2 bats
  3 endoplasms
  3 giant cockroaches
  5 goblins
  6 hobgoblins
  A quokka (D:2)
  4 ball pythons
  2 frilled lizards (D:1)
  4 kobolds
  4 rats
40 creatures vanquished.
